Map: Frozen Temple

Players

Fropez

  • Race: Protoss Protoss
  • League: Gold
  • Spawn Location: 11:00

Sam - Winner!

  • Race: Zerg Zerg
  • League: Silver
  • Spawn Location: 5:00

VOD

Have the link to the VOD?

Description

Time

  • Played on: Sept. 14, 2016, 3:04 p.m.
  • Length: 3:08
Show
View Real Time Build Order
Export as new Build Order

Fropez Protoss 

Build Orders:  

Get SALT Encoding   

  12  0:01  Probe (Chrono Boost)  
  13  0:18  Pylon, Probe (Chrono Boost)  
  14  0:48  Gateway  
  14  0:54  Gateway  
  14  0:55  Pylon  
  14  1:08  Gateway  
  14  1:09  Probe (Chrono Boost)  
  15  1:20  Probe (Chrono Boost)  
  16  1:31  Probe (Chrono Boost)  
  16  1:32  Pylon  
  17  1:41  Probe (Chrono Boost)  
  18  2:04  Cybernetics Core  
  18  2:05  Gateway  
  18  2:07  Probe (Chrono Boost)  
  19  2:13  Assimilator  
  19  2:18  Probe (Chrono Boost)  
  20  2:39  Nexus  
Show
View Real Time Build Order
Export as new Build Order

Sam Zerg - Winner!

Build Orders: Hatch First 

Get SALT Encoding   

  12  0:01  Drone  
  13  0:10  Drone  
  14  0:20  Overlord  
  14  0:44  Hatchery  
  13  1:00  Spawning Pool  
  13  1:02  Drone  
  13  1:10  Drone  
  14  1:12  Drone  
  14  1:16  Extractor  
  14  1:20  Drone  
  15  1:25  Drone  
  16  1:36  Overlord  
  16  1:46  Drone  
  17  1:48  Queen  
  19  1:59  Queen  
  21  2:17  Zergling x8  
  25  2:26  Zergling x2  
  25  2:29  Zergling x2  
  27  2:42  Zergling x6  
  30  2:55  Roach Warren  
Tags
 
Matchup
PvZ
Replay Pack
All Mines
Spawn Locations
Cross Positions
Add a new tag
Caveats
  • Supply blocks, unpowered buildings, or Contaminate may cause inaccurate times.
  • Supply counts are checked every 10 seconds.